 Dungeon Crawl Stone Soup version 0.28-a0-627-g4e9751bbfc (webtiles) character file.

Game seed: 13925044712637463219

1 fvbrj the Sneak (level 1, -1/9 HPs)
             Began as a Spriggan Enchanter on Oct 8, 2021.
             Slain by a quokka (4 damage)
             ... on level 2 of the Dungeon.
             The game lasted 00:00:58 (142 turns).

fvbrj the Sneak (Spriggan Enchanter)                 Turns: 142, Time: 00:00:58

Health: -1/9       AC:  2    Str:  4    XL:     1   Next: 16%
Magic:  5/5        EV: 17    Int: 16    God:
Gold:   0          SH:  4    Dex: 15    Spells: 5/5 levels left

rFire   . . .      SeeInvis +   a - +2 dagger
rCold   . . .      Faith    .   (shield restricted)
rNeg    . . .      Spirit   .   b - +0 robe
rPois   .          Reflect  .   (helmet restricted)
rElec   .          Harm     .   (no cloak)
rCorr   .          Rampage  .   (gloves unavailable)
Will    .....      Clarity  +   (boots unavailable)
Stlth   +++.......              (no amulet)
HPRegen 0.03/turn               (no ring)
MPRegen 0.09/turn               (no ring)

@: very quick
A: very small, no large weapons, unfitting armour, see invisible, speed 3, large
bone plates 1, clarity
a: no special abilities


You were on level 2 of the Dungeon.
You visited 1 branch of the dungeon, and saw 2 of its levels.

Inventory:

Hand Weapons
 a - a +2 dagger (weapon)
Armour
 b - a +0 robe (worn)
Potions
 c - a potion of invisibility


   Skills:
 - Level 1.1 Short Blades
 - Level 2.6 Dodging
 - Level 4.4 Stealth
 + Level 2.7 Spellcasting
 + Level 3.7 Hexes


You had 5 spell levels left.
You didn't know any spells.
Your spell library contained the following spells:

 Spells                   Type           Power      Damage    Failure   Level
 Confusing Touch          Hex            14%        N/A       13%         3
 Tukima's Dance           Hex            14%        N/A       13%         3
 Ensorcelled Hibernation  Hex/Ice        16%        N/A       14%         2
 Dazzling Flash           Conj/Hex       16%        N/A       26%         3


Dungeon Overview and Level Annotations

Branches:
Dungeon (2/15)

Altars:


Innate Abilities, Weirdness & Mutations

You are very small and have problems with some larger weapons.
You are too small for most types of armour.
You have supernaturally acute eyesight. (SInv)
You cover ground extremely quickly. (Speed+++)
You are partially covered in large bone plates. (SH +4)
You possess an exceptional clarity of mind.


Message History

The endoplasm quivers.
The endoplasm jiggles.
Things that are here:
a +0 club; a goblin corpse
Found 18 gold pieces.
You see here a gold piece. 2 hobgoblins come into view.
Found a red potion and a hunting sling.
The hobgoblin shouts!
Found 13 arrows.
The hobgoblin misses you.
A frilled lizard comes into view.
A ball python and a jackal come into view.
Found 17 stones.
The quokka twitches its whiskers. 2 jackals come into view.
Found a faded altar of an unknown god.
Found an escape hatch in the floor.
Found a stone staircase leading down.
A frilled lizard comes into view.
Found 17 gold pieces.
The ball python hisses angrily.
The quokka twitches its whiskers.
The frilled lizard hisses angrily.
There is a stone staircase leading down here.
The quokka closely misses you.
The frilled lizard unfolds its giant frill.
You climb downwards.
Found a pair of gloves, a scroll labelled DYROTE SOYR and 14 gold pieces.
There is a stone staircase leading up here.
You closely miss the quokka. You block the quokka's attack.
You closely miss the quokka. The quokka bites you.
You hit the quokka but do no damage. The quokka closely misses you.
The quokka bites you but does no damage.
You see here a scroll labelled DYROTE SOYR.
As you read the scroll labelled DYROTE SOYR, it crumbles to dust.
It is a scroll of enchant weapon.
Your +1 dagger glows red for a moment.
The quokka bites you.
You hit the quokka.
The quokka is severely wounded.
The quokka bites you.
You die...

######
#....#
#....#
#....####
#...$....
#.....#
#....####
#@......#
#r[..##..
#..<.#
#....#
######


You could see a quokka.

Vanquished Creatures
  A goblin (D:1)
1 creature vanquished.

Notes
Turn   | Place    | Note
-------+----------+-------------------------------------------
     0 | D:1      | fvbrj the Spriggan Enchanter began the quest for the Orb.
     0 | D:1      | Reached XP level 1. HP: 9/9 MP: 5/5
    93 | D:1      | Gained mutation: You possess an exceptional clarity of
                  | mind. [potion of mutation]
    93 | D:1      | Gained mutation: You are partially covered in large bone
                  | plates. (SH +4) [potion of mutation]
   128 | D:1      | Found a faded altar of an unknown god.
   142 | D:2      | Slain by a quokka

Illustrated notes

Levels and vault maps discovered:
D:1:      dpeg_arrival_oval, layout_rooms, hellmonk_ecumenical_altar_dog_temple
D:2:      layout_rooms

Action                   || total
-------------------------++-------
Melee: Dagger            ||     7
  Use: Scroll            ||     1
       Potion            ||     1
Armor: Robe              ||     1
Dodge: Dodged            ||     9
Block: Other             ||     1

Table legend: (Time is in decaauts)
 A = Elapsed time spent in this place.
 B = Non-inter-level travel time spent in this place.
 C = Inter-level travel time spent in this place.
 D = Time resting spent in this place.
 E = Time spent auto-exploring this place.
 F = Levels seen in this place.
 G = Mean time per level.
                   A        B        C        D        E       F      G
               +--------+--------+--------+--------+--------+-----+--------+
         Total |     88 |     88 |      0 |      0 |     13 |   2 |   44.0 |
       Dungeon |     88 |     88 |      0 |      0 |     13 |   2 |   44.0 |
               +--------+--------+--------+--------+--------+-----+--------+

Top non-repeatable levels by time:
     D:1: 81 daAuts
     D:2: 6 daAuts
